 Dungeon Crawl Stone Soup version 0.31-a0-354-g827e0957a7 (webtiles) character file.

Game seed: 8557840392434350660

18 avis the Ruffian (level 2, 0/25 HPs)
             Began as a Hill Orc Shapeshifter on July 23, 2023.
             Succumbed to an adder's poison
             ... on level 1 of the Dungeon.
             The game lasted 00:03:35 (638 turns).

avis the Ruffian (Hill Orc Shapeshifter)             Turns: 638, Time: 00:03:35

Health: 0/25       AC:  3    Str: 17    XL:     2   Next: 66%
Magic:  2/2        EV: 11    Int:  8    God:
Gold:   64         SH:  0    Dex: 11    Spells: 1/1 levels left

rFire   . .          .
                       - Unarmed
rCold   . . .        (no shield)
rNeg    . . .        g - +0 leather armour
rPois   .            i - melded +1 helmet
rElec   .            (cloak currently unavailable)
rCorr   .            (gloves currently unavailable)
SInv    .            (boots currently unavailable)
Will    .....        (no amulet)
Stlth   +            (no ring)
HPRegen 0.24/turn    (no ring)
MPRegen 0.08/turn

%: no passive effects
@: lethally poisoned (0 -> -4), beast-form
A: beast (slay +2)
a: Begin Untransformation


You were on level 1 of the Dungeon.
You were a hulking beast.
You visited 1 branch of the dungeon, and saw 2 of its levels.

You collected 64 gold pieces.

Inventory:

Hand Weapons
 d - a +0 halberd
Armour
 a - a +0 animal skin
 g - a +0 leather armour (worn)
 i - a +1 helmet (melded)
Talismans
 c - a beast talisman
Scrolls
 e - a scroll of identify {unknown}
Potions
 b - a potion of lignification
 f - 2 potions of heal wounds {unknown}
 h - a potion of curing {unknown}


   Skills:
 * Level 2.5 Fighting
 - Level 1.5 Dodging
 - Level 3.2 Unarmed Combat
 - Level 3.0 Shapeshifting


You had one spell level left.
You didn't know any spells.
Your spell library was empty.

Dungeon Overview and Level Annotations

Branches:
Dungeon (2/15)

Altars:
Uskayaw


Message History

The rat bites you but does no damage. The adder bites you.
The rat closely misses you.
You barely miss the adder. The adder barely misses you.
The rat closely misses you. The adder barely misses you.
You closely miss the adder. The adder closely misses you.
The rat closely misses you. The adder bites you.
The rat bites you but does no damage.
You miss the adder. The adder closely misses you. The rat bites you.
The adder bites you.
You closely miss the adder. The adder bites you but does no damage.
The rat barely misses you. The adder barely misses you.
The rat closely misses you.
You are now empty-handed.
The adder bites you.
You are poisoned.
The adder poisons you!
You barely miss the adder.
You feel sick. The rat bites you. The adder bites you but does no damage.
You closely miss the adder.
You feel sick. The adder bites you.
* * * LOW HITPOINT WARNING * * *
The rat misses you.
You hit the adder.
The adder is lightly wounded.
You feel sick. The adder bites you.
* * * LOW HITPOINT WARNING * * *
The rat misses you.
You punch the adder!
The adder is almost dead.
You feel sick. The adder closely misses you. The rat misses you.
The adder misses you.
You closely miss the adder.
The adder is almost dead.
You feel sick.
You are no longer poisoned.
The rat closely misses you. The adder bites you.
* * * LOW HITPOINT WARNING * * *
You are lethally poisoned!
The adder poisons you!
You barely miss the adder.
The adder is almost dead.
You die...

###.####.....#.)#...............#
#......######..#########.......
##...### ##.................
##..#.### #.................
##..##...# #........##.......
#..#.....# #.......#####.....
#....#...# #.......# #.....
######...# #S......## ##....
##### #h.....>.## ##..>
#r........#####.##
#.......#...##..#
#.......###....## #.......#
###### #########


You could see an adder and a rat.

Vanquished Creatures
  A dart slug (D:1)
  4 bats (D:1)
  An endoplasm (D:1)
  4 goblins (D:1)
  2 hobgoblins (D:1)
  A frilled lizard (D:1)
  A kobold (D:1)
14 creatures vanquished.

Notes
Turn   | Place    | Note
-------+----------+-------------------------------------------
     0 | D:1      | avis the Hill Orc Shapeshifter began the quest for the Orb.
     0 | D:1      | Reached XP level 1. HP: 16/16 MP: 1/1
   165 | D:1      | Reached XP level 2. HP: 23/23 MP: 2/2
   616 | D:2      | Found a hide-covered altar of Uskayaw.
   637 | D:1      | HP: 1/25 [adder (2)]
   638 | D:1      | Succumbed to an adder's poison

Illustrated notes

Levels and vault maps discovered:
D:1:      nzn_arrival_crosshair, layout_rooms, chequers_serial_rivers_marsh
D:2:      layout_rooms, basic_altar, chequers_decorated_corner,
          minmay_misc_feat_pillars

Skill      XL: |  1  2 |
---------------+-------+-----
Shapeshifting  | 3 |  3.0
Fighting       | 2 |  2.5
Dodging        | |  1.5
Unarmed Combat | |  3.2

Action                     || total
---------------------------++-------
  Melee: Halberd           ||    56
         Unarmed           ||     6
Ability: Begin Untransform ||     1
 Armour: Animal skin       ||    13
         Leather armour    ||    12
  Dodge: Dodged            ||    48
   Form: Beast             ||     1

Table legend: (Time is in decaauts)
 A = Elapsed time spent in this place.
 B = Non-inter-level travel time spent in this place.
 C = Inter-level travel time spent in this place.
 D = Time resting spent in this place.
 E = Time spent auto-exploring this place.
 F = Levels seen in this place.
 G = Mean time per level.
                   A        B        C        D        E       F      G
               +--------+--------+--------+--------+--------+-----+--------+
         Total |    670 |    625 |     45 |     74 |    317 |   2 |  335.0 |
       Dungeon |    670 |    625 |     45 |     74 |    317 |   2 |  335.0 |
               +--------+--------+--------+--------+--------+-----+--------+

Top non-repeatable levels by time:
     D:1: 655 daAuts
     D:2: 14 daAuts
